 Dungeon Crawl Stone Soup version 0.29.1-15-g9cfb28693d (webtiles) character file.

Game seed: 7297857534142767128

2034 BuddhaDhamma the Cleaver (level 9, -2/70 HPs)
             Began as a Minotaur Berserker on Mar 21, 2023.
             Was a Priest of Trog.
             Slain by a wight
             ... wielding a +3 falchion
              (8 damage)
             ... on level 8 of the Dungeon.
             The game lasted 00:10:52 (7192 turns).

BuddhaDhamma the Cleaver (Minotaur Berserker)       Turns: 7192, Time: 00:10:52

Health: -2/70      AC: 17    Str: 25    XL:     9   Next: 3%
Magic:  8/8        EV:  8    Int:  4    God:    Trog [***...]
Gold:   187        SH:  0    Dex: 11    Spells: 8/8 levels left

rFire   . . .      SeeInvis .   w - +0 battleaxe (flame)
rCold   . . .      Faith    .   (shield currently unavailable)
rNeg    . . .      Spirit   .   q - +3 chain mail
rPois   .          Reflect  .   (helmet restricted)
rElec   .          Harm     .   g - +1 cloak
rCorr   .          Rampage  .   j - +0 pair of gloves
Will    +++..                   i - +1 pair of boots
Stlth   ..........              (no amulet)
HPRegen 1.21/turn               A - ring of willpower
MPRegen 0.11/turn               (no ring)

@: lethally poisoned (-2 -> -3), strong-willed, on berserk cooldown,
regenerating, slowed, very slow
A: horns 2, retaliatory headbutt
a: Renounce Religion, Berserk, Trog's Hand


You were on level 8 of the Dungeon.
You worshipped Trog.
Trog was most pleased with you.
You visited 1 branch of the dungeon, and saw 8 of its levels.

You collected 356 gold pieces.
You spent 169 gold pieces at shops.

Inventory:

Hand Weapons
 w - a +0 battleaxe of flaming (weapon)
Missiles
 e - 6 boomerangs of dispersal (quivered)
 y - 2 throwing nets
Armour
 g - a +1 cloak (worn)
 i - a +1 pair of boots (worn)
 j - a +0 pair of gloves (worn)
 q - a +3 chain mail (worn)
Jewellery
 A - a ring of willpower (left hand)
Wands
 s - a wand of flame (20)
 z - a wand of acid (10)
 B - a wand of paralysis (10)
Scrolls
 b - 2 scrolls of teleportation
 f - a scroll of silence
 h - a scroll of brand weapon
 k - a scroll of noise
 t - 2 scrolls of immolation
Potions
 a - a potion of might {unknown}
 c - 3 potions of curing
 d - a potion of berserk rage {unknown}
 l - 3 potions of flight {unknown}
 m - 2 potions of haste {unknown}
 n - 3 potions of cancellation
 o - 3 potions of degeneration
 p - a potion of ambrosia {unknown}
 r - 2 potions of attraction {unknown}
 u - a potion of brilliance {unknown}
 v - 2 potions of heal wounds {unknown}
 x - 2 potions of invisibility {unknown}


   Skills:
 - Level 3.6 Fighting
 + Level 14.3 Axes
 - Level 2.4 Armour
 - Level 2.1 Dodging


You had 8 spell levels left.
You didn't know any spells.
Your spell library was empty.

Dungeon Overview and Level Annotations

Branches:
Dungeon (8/15)             Temple (0/1) D:4
   Lair: D:8-11

Altars:
Cheibriados
Sif Muna
Wu Jian
Xom

Shops:
D:1 (   D:2 :   D:4 (   D:8 :


Innate Abilities, Weirdness & Mutations

You have a pair of horns on your head.
You reflexively headbutt those who attack you in melee.


Message History

Your experience leads to an increase in your attributes!
Increase (S)trength, (I)ntelligence, or (D)exterity?
You feel stronger. x2
You feel better. The killer bee closely misses you. You furiously retaliate!
You headbutt the killer bee. The killer bee closely misses you.
You furiously retaliate!
You headbutt the killer bee.
The killer bee stings you but does no damage. x2
The wight barely misses you. You furiously retaliate!
You headbutt the wight.
The killer bee stings you but does no damage.
The killer bee stings you!
* * * LOW HITPOINT WARNING * * *
Your skin crawls.
You feel strong-willed. The killer bee closely misses you.
The killer bee stings you but does no damage.
The killer bee stings you!
* * * LOW HITPOINT WARNING * * *
The killer bee stings you but does no damage.
The wight hits you but does no damage. The killer bee barely misses you.
You furiously retaliate!
You headbutt the killer bee!
The killer bee stings you but does no damage.
The wight barely misses you.
You hit the wight but do no damage.
You headbutt the wight, but do no damage.
The wight is moderately damaged.
You barely miss the killer bee. You miss the killer bee.
The killer bee stings you but does no damage. x4
The wight hits you but does no damage. The killer bee stings you.
* * * LOW HITPOINT WARNING * * *
You are poisoned.
The killer bee poisons you! The killer bee stings you.
* * * LOW HITPOINT WARNING * * *
You hit the wight but do no damage.
The wight is moderately damaged.
You hit the killer bee. You burn the killer bee.
You closely miss the killer bee.
You feel very sick.
The killer bee stings you but does no damage. x2
The wight hits you with a +3 falchion!
You die...

#####...## #(.# #
##.###### #..# .#
#......#####..##.#
######......≈....#
#####...§.§..#
.###§§§.§.§.###.
≈≈##§§§§..§....
#≈##§≈...§..##.
##≈#..@≈.≈..##
#≈≈..yzy≈...#
#≈≈...Z######
#≈≈###.# ##≈###.#
#≈#...# ≈≈#.#.#
###.#†# #.#.#


You could see 2 killer bees, a wight and a centaur zombie.

Vanquished Creatures
  Grinder (D:6)
  A steam dragon (D:8)
  Duvessa (D:7)
  A black bear (D:6)
  2 ogres (D:6)
  A centaur (D:6)
  A kobold brigand (D:6)
  3 bullfrogs
  5 scorpions
  A wyvern zombie (D:8)
  Dowan (D:7)
  3 killer bees (D:8)
  A gnoll bouda (D:6)
  2 orc priests
  A hound (D:7)
  Crazy Yiuf (D:3)
  2 iguanas
  3 orc wizards
  3 gnolls (D:6)
  6 adders
  2 white imps
  A worm (D:2)
  6 dart slugs
  14 orcs
  4 bats
  7 endoplasms
  5 giant cockroaches
  7 goblins
  9 hobgoblins
  4 quokkas
  6 ball pythons
  6 frilled lizards
  9 kobolds
  A rat (D:6)
  A bush (D:6)
122 creatures vanquished.

Vanquished Creatures (others)
  4 plants (D:6)
4 creatures vanquished.

Grand Total: 126 creatures vanquished

Notes
Turn   | Place    | Note
-------+----------+-------------------------------------------
     0 | D:1      | BuddhaDhamma the Minotaur Berserker began the quest for the
                  | Orb.
     0 | D:1      | Reached XP level 1. HP: 19/19 MP: 0/0
   124 | D:1      | Reached skill level 4 in Axes
   170 | D:1      | Found Eris Diu's Weapon Boutique.
   225 | D:1      | Found a faded altar of an unknown god.
   235 | D:1      | Reached XP level 2. HP: 26/26 MP: 1/1
   705 | D:1      | Reached skill level 5 in Axes
   951 | D:2      | Reached ** piety under Trog
   952 | D:2      | Reached XP level 3. HP: 31/31 MP: 2/2
   957 | D:2      | Found Xibyvurit's Book Boutique.
  1595 | D:3      | Reached skill level 6 in Axes
  1595 | D:3      | Reached XP level 4. HP: 39/39 MP: 3/3
  2129 | D:3      | Reached XP level 5. HP: 45/45 MP: 4/4
  2238 | D:3      | Reached skill level 7 in Axes
  2545 | D:3      | Found a runed translucent door.
  2546 | D:3      | Noticed Crazy Yiuf
  2552 | D:3      | Killed Crazy Yiuf
  2954 | D:4      | Reached skill level 8 in Axes
  3136 | D:4      | Reached XP level 6. HP: 48/51 MP: 5/5
  3229 | D:4      | Found a snail-covered altar of Cheibriados.
  3370 | D:4      | Identified the +5 sling "Gukaoqom" {flame, Fragile rN+
                  | Int+6}
  3371 | D:4      | Found a staircase to the Ecumenical Temple.
  3438 | D:4      | Found Iwoudur's Antique Weapon Shoppe.
  3588 | D:5      | Entered Level 5 of the Dungeon
  3745 | D:4      | Bought a battleaxe for 169 gold pieces
  3868 | D:5      | Reached skill level 9 in Axes
  4430 | D:6      | Reached XP level 7. HP: 47/57 MP: 6/6
  4433 | D:6      | Reached skill level 10 in Axes
  4867 | D:6      | Reached skill level 11 in Axes
  4984 | D:6      | Noticed Grinder
  5004 | D:6      | Killed Grinder
  5005 | D:6      | Reached XP level 8. HP: 59/64 MP: 7/7
  5043 | D:6      | Found a shimmering blue altar of Sif Muna.
  5233 | D:6      | Reached skill level 12 in Axes
  5405 | D:6      | Reached *** piety under Trog
  5937 | D:6      | Found a shimmering altar of Xom.
  6219 | D:7      | Noticed Duvessa
  6237 | D:7      | Killed Duvessa
  6238 | D:7      | Reached skill level 13 in Axes
  6247 | D:7      | Noticed Dowan
  6266 | D:7      | Killed Dowan
  6774 | D:7      | Identified the +1 ring mail of Watchfulness {rElec rCorr}
  6974 | D:7      | Found an ornate altar of the Wu Jian Council.
  7122 | D:8      | Found Kitenekh's Book Boutique.
  7176 | D:8      | Reached skill level 14 in Axes
  7189 | D:8      | Reached XP level 9. HP: 17/70 MP: 8/8
  7192 | D:8      | Slain by a wight

Illustrated notes

Levels and vault maps discovered:
D:1:      minmay_arrival_diagonal_passages, layout_basic, serial_shops,
          nicolae_shop_behind_doors, hellmonk_ecumenical_altar_lost_god,
          kennysheep_pointless_box, chequers_serial_rivers_small_b
D:2:      layout_loops_cross, serial_shops, nicolae_diamond_shop,
          minmay_domino_2
D:3:      layout_basic, minmay_hedge_maze, uniq_crazy_yiuf_cottage
D:4:      layout_loops_cross, mainiacjoe_overflow_surrounded_room,
          minmay_temple_entry_junction_2, serial_shops,
          nicolae_shop_hallway_stairs
D:5:      layout_loops_ring
D:6:      layout_basic, amcnicky_altar_gilded, mainiacjoe_overflow_alcove_4,
          kb_lookout_dungeons_type, lexackson_kobold_supper, uniq_grinder
D:7:      layout_gridville, kennysheep_mini_moat, minmay_misc_feat_roman,
          uniq_duvessa
D:8:      layout_loops_ring, serial_shops, nicolae_diamond_shop, serial_undead,
          serial_undead_c, serial_undead_a, serial_undead_f, serial_undead_b,
          serial_undead_b, serial_undead_a, lightli_minifort, uniq_joseph

Skill      XL: |  1  2  3  4  5  6  7  8 |
---------------+-------------------------+-----
Axes           | 4 5 6 8 9 11 14 | 14.3
Fighting       | |  3.6
Armour         | |  2.4
Dodging        | |  2.1

Action                   |  1- 3 |  4- 6 |  7- 9 || total
-------------------------+-------+-------+-------++-------
Melee: Hand axe          |    74 |   121 |       ||   195
       Headbutt          |     4 |    20 |    19 ||    43
       Punch             |       |     2 |       ||     2
       Battleaxe         |       |    14 |   108 ||   122
Throw: Boomerang         |     4 |       |       ||     4
Invok: Berserk           |       |     1 |     2 ||     3
       Trog's Hand       |       |       |     1 ||     1
  Use: Scroll            |       |     8 |     1 ||     9
       Potion            |       |       |     1 ||     1
Armor: Animal skin       |     4 |       |       ||     4
       Ring mail         |    18 |    19 |       ||    37
       Chain mail        |       |    49 |   117 ||   166
Dodge: Dodged            |    55 |    43 |    61 ||   159
